 Dungeon Crawl Stone Soup version 0.30-a0-23-ge60ba3568b (webtiles) character file.

Game seed: 1351356953539269313

130 AttackTheMoon the Sneak (level 5, -1/33 HPs)
             Began as a Kobold Delver on Aug 24, 2022.
             Slain by a black bear (3 damage)
             ... on level 5 of the Dungeon.
             The game lasted 00:01:03 (584 turns).

AttackTheMoon the Sneak (Kobold Delver)              Turns: 584, Time: 00:01:04

Health: -1/33      AC:  3    Str:  9    XL:     5   Next: 36%
Magic:  5/5        EV: 15    Int: 12    God:
Gold:   0          SH:  0    Dex: 18    Spells: 4/4 levels left

rFire   . . .      SeeInvis .    i - +0 short sword (elec)
rCold   . . .      Faith    .    (no shield)
rNeg    . . .      Spirit   .    b - +0 leather armour
rPois   .          Reflect  .    (no helmet)
rElec   .          Harm     .    (no cloak)
rCorr   .          Rampage  .    (no gloves)
Will    .....                    (no boots)
Stlth   +++++.....               (no amulet)
HPRegen 0.11/turn                (no ring)
MPRegen 0.09/turn                (no ring)

@: hasted, very quick
A: small, no large weapons, nightstalker 3
a: no special abilities


You were on level 5 of the Dungeon.
You visited 1 branch of the dungeon, and saw 2 of its levels.

Inventory:

Hand Weapons
 a - a +0 short sword
 i - a +0 short sword of electrocution (weapon)
Armour
 b - a +0 leather armour (worn)
Wands
 g - a wand of digging (3)
Scrolls
 c - a scroll of fog
 d - a scroll of magic mapping
 e - a scroll of fear
 h - a scroll of noise {unknown}


   Skills:
 + Level 4.2 Fighting
 + Level 4.0 Short Blades
 + Level 3.7 Dodging
 + Level 7.5 Stealth


You had 4 spell levels left.
You didn't know any spells.
Your spell library was empty.

Dungeon Overview and Level Annotations

Branches:
Dungeon (5/15)
 Temple: D:4-7

Altars:


Innate Abilities, Weirdness & Mutations

You are small and have problems with some larger weapons.
You are completely attuned to the shadows.


Message History

You are too injured to fight recklessly!
You are too injured to fight recklessly!
You are too injured to fight recklessly!
You hit the black bear.
The black bear is heavily wounded.
The black bear barely misses you. x2; The black bear closely misses you.
The iguana closely misses you.
You hit the black bear.
The black bear is heavily wounded.
You hit the black bear but do no damage.
The black bear is heavily wounded.
The black bear bites you but does no damage.
The black bear misses you. x2; The iguana misses you.
You feel yourself speed up. The iguana misses you.
The black bear closely misses you. x2
The black bear claws you but does no damage.
You barely miss the black bear.
The black bear is heavily wounded.
The iguana barely misses you. The black bear barely misses you.
The black bear closely misses you. The black bear barely misses you.
You closely miss the black bear.
The black bear is heavily wounded.
The iguana misses you. The black bear closely misses you.
The black bear claws you. x2
* * * LOW HITPOINT WARNING * * *
You closely miss the black bear.
The black bear is heavily wounded.
You hit the black bear.
The black bear is heavily wounded.
The iguana completely misses you. The black bear bites you.
* * * LOW HITPOINT WARNING * * *
The black bear claws you.
* * * LOW HITPOINT WARNING * * *
The black bear completely misses you.
You closely miss the black bear.
The black bear is heavily wounded.
The black bear bites you.
* * * LOW HITPOINT WARNING * * *
The black bear claws you.
You die...

........)..#
...........#
...........#
..........##
...........#
...........#
...........
....h......
....@l.....
...........
...........
...........
...........
...........
...........
....
.........
.....
.........
.....


You could see a black bear and an iguana.

Vanquished Creatures
  A phantom (D:5)
  A hound (D:5)
  An adder (D:5)
  A gnoll (D:4)
  3 orcs (D:5)
  A ball python (D:4)
  4 jackals (D:5)
12 creatures vanquished.

Notes
Turn   | Place    | Note
-------+----------+-------------------------------------------
     0 | D:5      | AttackTheMoon the Kobold Delver began the quest for the
                  | Orb.
     0 | D:5      | Reached XP level 1. HP: 14/14 MP: 1/1
    22 | D:4      | Noticed an iguana
    24 | D:4      | Reached XP level 2. HP: 19/19 MP: 2/2
    75 | D:5      | Reached XP level 3. HP: 23/23 MP: 3/3
   162 | D:5      | Noticed a phantom
   166 | D:5      | Killed a phantom
   167 | D:5      | Reached skill level 7 in Stealth
   167 | D:5      | Reached XP level 4. HP: 29/29 MP: 4/4
   246 | D:5      | Reached XP level 5. HP: 12/33 MP: 5/5
   557 | D:5      | Noticed a black bear
   584 | D:5      | Slain by a black bear

Illustrated notes

Levels and vault maps discovered:
D:4:      minmay_diamond_boxcup, layout_rooms, kennysheep_mini
D:5:      layout_layer_cave, minmay_joined_circles

Skill      XL: |  1  2  3  4 |
---------------+-------------+-----
Short Blades   | 3 4 |  4.0
Fighting       | 4 |  4.2
Dodging        | 3 |  3.7
Stealth        | 7 |  7.5

Action                   |  1- 3 |  4- 6 || total
-------------------------+-------+-------++-------
Melee: Short sword       |     4 |    55 ||    59
       Punch             |       |     1 ||     1
  Use: Potion            |       |     1 ||     1
 Stab: Sleeping          |     4 |     4 ||     8
Armor: Leather armour    |       |    11 ||    11
Dodge: Dodged            |     1 |    55 ||    56

Table legend: (Time is in decaauts)
 A = Elapsed time spent in this place.
 B = Non-inter-level travel time spent in this place.
 C = Inter-level travel time spent in this place.
 D = Time resting spent in this place.
 E = Time spent auto-exploring this place.
 F = Levels seen in this place.
 G = Mean time per level.
                   A        B        C        D        E       F      G
               +--------+--------+--------+--------+--------+-----+--------+
         Total |    577 |    577 |      0 |    199 |    233 |   2 |  288.5 |
       Dungeon |    577 |    577 |      0 |    199 |    233 |   2 |  288.5 |
               +--------+--------+--------+--------+--------+-----+--------+

Top non-repeatable levels by time:
     D:5: 543 daAuts
     D:4: 33 daAuts
